 Dungeon Crawl Stone Soup version 0.24-a0-181-gd121a6d (console) character file.

Game seed: 867490817776530600

101 Duffy the Insei (level 4, -1/28 HPs)
             Began as an Octopode Transmuter on Mar 14, 2019.
             Blown up by a gnoll (8 damage)
             ... with a wand of disintegration (11)
             ... on level 3 of the Dungeon.
             The game lasted 00:01:49 (2796 turns).

Duffy the Insei (Octopode Transmuter)               Turns: 2796, Time: 00:01:50

Health: -1/28      AC:  1    Str:  9    XL:     4   Next: 75%
Magic:  8/8        EV: 13    Int: 20    God:
Gold:   147        SH:  0    Dex: 12    Spells: 2/8 levels left

rFire    . . .     SeeInvis .     - Unarmed
rCold    . . .     Gourm    .   (no shield)
rNeg     . . .     Faith    .   (helmet restricted)
rPois    .         Spirit   .   (no amulet)
rElec    .         Reflect  .   n - +4 ring of intelligence
rCorr    .         Harm     .   (no ring)
MR       .....                  (no ring)
Stlth    ++........             (no ring)
HPRegen  0.09/turn              (no ring)
MPRegen  0.11/turn              (no ring)
                                (no ring)
                                (no ring)

@: no status effects
A: almost no armour, stealthy swim, amphibious, 8 rings, constrict 8, camouflage
1, gelatinous body 1
a: no special abilities


You were on level 3 of the Dungeon.
You were not hungry.

You visited 1 branch of the dungeon, and saw 3 of its levels.

You collected 147 gold pieces.

Inventory:

Missiles
 a - 12 arrows
Jewellery
 n - a +4 ring of intelligence (left tentacle)
Scrolls
 d - 2 scrolls of remove curse {unknown}
 f - a scroll of identify
 i - a scroll of immolation {unknown}
 j - 4 scrolls of teleportation {unknown}
 k - a scroll of fear {unknown}
 l - a scroll of fog {unknown}
Potions
 b - a potion of brilliance
 e - a potion of flight
 g - 3 potions of heal wounds
 h - a potion of lignification {unknown}
 m - a potion of degeneration {unknown}
 p - a potion of curing {unknown}
 q - a potion of might {unknown}
Comestibles
 c - 3 rations
 o - a chunk of flesh


   Skills:
 - Level 1.0 Fighting
 - Level 2.0 Dodging
 + Level 3.8 Unarmed Combat
 + Level 2.9 Spellcasting
 + Level 3.0 Transmutations
 + Level 1.6 Poison Magic


You had 2 spell levels left.
You knew the following spells:

 Your Spells              Type           Power        Failure   Level  Hunger
h - Beastly Appendage     Tmut           ##....       4%          1    None
j - Sticks to Snakes      Tmut           ##......     6%          2    ##.....
k - Spider Form           Tmut/Pois      ##........   17%         3    ###....

Your spell library contained the following spells:

 Spells                   Type           Power        Failure   Level  Hunger
 Ice Form                 Ice/Tmut       #.......     61%         4    ####...
 Blade Hands              Tmut           ##........   75%         5    ######.


Dungeon Overview and Level Annotations

Branches:
Dungeon (3/15)

Altars:


Innate Abilities, Weirdness & Mutations

You cannot wear most types of armour.
You are very stealthy in the water. (Stealth+)
You are amphibious.
You can wear up to eight rings at the same time.
You can use your tentacles to constrict eight enemies at once.
Your skin changes colour to match your surroundings (Stealth+).
Your rubbery body absorbs attacks. (AC +1, EV +1)


Message History

Found a cyan potion.
No target in view!
No target in view!
You now have 133 gold pieces (gained 7).
g - 3 potions of heal wounds (gained 1)
You now have 142 gold pieces (gained 9).
q - a cyan potion You now have 147 gold pieces (gained 5).
Found 23 sling bullets.
A gnoll comes into view.
It is wielding a +0 whip and carrying a wand of disintegration (13).
The gnoll moves out of view.
Found a stone staircase leading down.
c - 3 rations (gained 1) No target in view!
No target in view!
A gnoll comes into view. It is wielding a +0 flail.
The gnoll zaps a wand.
You are blasted!
The gnoll moves out of view.
The gnoll zaps a wand.
You are blasted!
The gnoll zaps a wand.
You are blasted!
You die...

..........# #. ....
#.........########.
....###..................
....................)....
........................
#.....##...............
#.....##............... .
#.....##...............
...###..@(#...###........#
#.........#..............#
#.........#......##.......
#.>.......................
#......######....##......
##.#.................... #
#...........####..
.g...........#
..............#


You could see a gnoll.

Vanquished Creatures
  Crazy Yiuf (D:2)
  3 adders
  A worm (D:2)
  A dart slug (D:2)
  A leopard gecko (D:2)
  An orc (D:3)
  3 giant cockroaches
  5 goblins
  4 hobgoblins (D:2)
  2 jackals (D:2)
  2 kobolds
  A quokka (D:2)
  7 bats
  3 frilled lizards
  6 rats
41 creatures vanquished.

Notes
Turn   | Place    | Note
-------+----------+-------------------------------------------
     0 | D:1      | Duffy the Octopode Transmuter began the quest for the Orb.
     0 | D:1      | Reached XP level 1. HP: 13/13 MP: 3/3
   552 | D:1      | Reached XP level 2. HP: 15/18 MP: 5/5
   556 | D:1      | Learned a level 2 spell: Sticks to Snakes
  1105 | D:2      | Reached XP level 3. HP: 14/23 MP: 6/6
  1113 | D:2      | Learned a level 3 spell: Spider Form
  1749 | D:2      | Reached skill level 1 in Poison Magic
  1867 | D:2      | Found a runed translucent door.
  1868 | D:2      | Noticed Crazy Yiuf
  2215 | D:2      | Killed Crazy Yiuf
  2215 | D:2      | Reached XP level 4. HP: 11/28 MP: 4/8
  2796 | D:3      | Blown up by a gnoll

Levels and vault maps discovered:
D:1:      dpeg_arrival_oval, layout_loops_ring
D:2:      layout_basic, uniq_crazy_yiuf_cottage
D:3:      layout_basic, chequers_temple_overflow_minitemple, solitary_fountain

Skill      XL: |  1  2  3  4 |
---------------+-------------+-----
Poison Magic   | 1 |  1.6
Transmutations | 3 |  3.0
Fighting       | |  1.0
Dodging        | |  2.0
Unarmed Combat | |  3.8
Spellcasting   | |  2.9

Action                   |  1- 3 |  4- 6 || total
-------------------------+-------+-------++-------
Melee: Unarmed           |    84 |    23 ||   107
       Constrict         |    17 |     6 ||    23
       Tentacles         |    12 |     3 ||    15
       Punch             |     3 |       ||     3
 Cast: Spider Form       |     1 |       ||     1
       Beastly Appendage |     1 |       ||     1
  Use: Scroll            |       |     3 ||     3
 Stab: Sleeping          |     8 |       ||     8
  Eat: Chunk             |     4 |     2 ||     6
Armor: Skin              |     9 |     3 ||    12
Dodge: Dodged            |    57 |    15 ||    72

Table legend:
 A = Non-vault XP
 B = Vault XP
 C = Vault XP percentage of total XP
 D = Non-vault monster count
 E = Vault monster count
 F = Vault count percentage of total count
                 A         B        C        D         E       F
            +---------+---------+-------+---------+---------+-------
      Total |     104 |      41 |  28.3 |      40 |       1 |   2.4
            +---------+---------+-------+---------+---------+-------
        D:1 |      12 |       0 |   0.0 |       9 |       0 |   0.0
        D:2 |      68 |      41 |  37.6 |      24 |       1 |   4.0
        D:3 |      24 |       0 |   0.0 |       7 |       0 |   0.0
            +---------+---------+-------+---------+---------+-------
